 Dungeon Crawl Stone Soup version 0.30-a0-920-g7493c07aab (webtiles) character file.

Game seed: 2952486388805905751

64 jimonade the Grasshopper (level 4, 0/23 HPs)
             Began as a Vine Stalker Warper on Mar 21, 2023.
             Slain by a gnoll
             ... wielding a +0 flail
              (4 damage)
             ... on level 2 of the Dungeon.
             The game lasted 00:01:58 (981 turns).

jimonade the Grasshopper (Vine Stalker Warper)       Turns: 981, Time: 00:01:58

Health: 0/23       AC:  4    Str: 15    XL:     4   Next: 12%
Magic:  0/8        EV: 12    Int: 13    God:
Gold:   66         SH:  0    Dex: 14    Spells: 7/7 levels left

rFire   . . .      SeeInvis .    f - +0 flail
rCold   . . .      Faith    .    (no shield)
rNeg    + . .      Spirit   +    b - +0 leather armour
rPois   .          Reflect  .    (no helmet)
rElec   .          Rampage  .    (no cloak)
rCorr   .                        k - +0 pair of gloves
Will    .....                    (no boots)
Stlth   +                        (no amulet)
HPRegen 1.03/turn                g - ring of positive energy
MPRegen 0.11/turn                (no ring)

@: no status effects
A: fangs 2, regeneration 1, magic shield, antimagic bite, no potion heal 2
a: no special abilities


You were on level 2 of the Dungeon.
You visited 1 branch of the dungeon, and saw 2 of its levels.

You collected 66 gold pieces.

Inventory:

Hand Weapons
 a - a +0 spear
 f - a +0 flail (weapon)
Missiles
 d - 7 boomerangs of dispersal (quivered)
 i - 5 poisoned darts
Armour
 b - a +0 leather armour (worn)
 h - a +0 scale mail
 k - a +0 pair of gloves (worn)
Jewellery
 g - a ring of positive energy (left hand)
Scrolls
 c - a scroll of blinking
 l - a scroll of teleportation {unknown}
 n - a scroll of fog {unknown}
 o - a scroll of identify {unknown}
Potions
 e - a potion of lignification {unknown}
 j - a potion of heal wounds {unknown}
 m - a potion of brilliance {unknown}


   Skills:
 + Level 2.0 Fighting
 + Level 0.6 Maces & Flails
 + Level 2.2 Polearms
 - Level 0.8 Throwing
 + Level 1.4 Armour
 + Level 1.9 Dodging
 + Level 2.4 Spellcasting
 + Level 3.5 Translocations


You had 7 spell levels left.
You didn't know any spells.
Your spell library contained the following spells:

 Spells                   Type           Power      Damage    Failure   Level
 Blink                    Tloc           20%        N/A       11%         2
 Lesser Beckoning         Tloc           20%        N/A       11%         2
 Teleport Other           Tloc           10%        N/A       22%         3
 Vhi's Electric Charge    Tloc/Air       12%        N/A       41%         3
 Manifold Assault         Tloc           10%        N/A       56%         4


Dungeon Overview and Level Annotations

Branches:
Dungeon (2/15)

Altars:
Gozag

Annotations:
D:1 2 runed translucent doors


Innate Abilities, Weirdness & Mutations

You have extremely sharp teeth.
Your natural rate of healing is unusually fast.
When hurt, damage is shared between your health and your magic reserves.
Your bite disrupts and absorbs the magic of your enemies.
Potions cannot restore your health.


Message History

A gnoll comes into view. It is wielding a +0 flail.
You see here a rat corpse.
Things that are here:
a +0 spear; a +0 leather armour; a gnoll corpse You see here a hobgoblin corpse.
The gnoll barely misses you.
You sock the gnoll! You punch the gnoll, but do no damage.
Your bite misses the gnoll.
The gnoll is severely wounded.
The gnoll barely misses you.
You hit the gnoll.
You kill the gnoll!
You have reached level 4!
You feel agile.
You begin to heal more quickly.
The gnoll barely misses you.
You see here a +0 flail.
You closely miss the gnoll. The gnoll misses you.
The gnoll hits you with a +0 flail!
You closely miss the gnoll. The gnoll barely misses you.
The gnoll hits you from afar with a +0 halberd!
You hit the gnoll but do no damage. You bite the gnoll. You drain its power.
You feel invigorated.
The gnoll is lightly wounded.
The gnoll barely misses you. The gnoll hits you with a +0 flail!
The gnoll misses you.
The gnoll hits you from afar with a +0 halberd.
You are too injured to fight recklessly!
You are too injured to fight recklessly!
You hit the gnoll but do no damage. You bite the gnoll. You drain its power.
You feel invigorated.
The gnoll is moderately wounded.
The gnoll hits you with a +0 flail!
* * * LOW HITPOINT WARNING * * *
The gnoll hits you from afar with a +0 halberd.
* * * LOW HITPOINT WARNING * * *
You hit the gnoll but do no damage.
The gnoll is moderately wounded.
The gnoll hits you with a +0 flail.
You die...

#.........#
#######........#
#>.............###
#...........).....
#.#####.###.######
#.# #.# #.# #.#
#.###.# #.#
#.#<#.### #@#
#.......#### #g#
#..........# #g###
#.......##.#
#...####...#### #
###..# #...#
##g###...#
#..##...#
##.##...#
####......#


You could see 2 gnolls.

Vanquished Creatures
  3 gnolls
  2 ball pythons (D:1)
  4 bats
  3 endoplasms (D:1)
  2 giant cockroaches (D:1)
  A goblin (D:1)
  5 hobgoblins
  2 jackals (D:1)
  3 kobolds
  A quokka (D:1)
  2 frilled lizards (D:1)
  3 rats
31 creatures vanquished.

Notes
Turn   | Place    | Note
-------+----------+-------------------------------------------
     0 | D:1      | jimonade the Vine Stalker Warper began the quest for the
                  | Orb.
     0 | D:1      | Reached XP level 1. HP: 11/11 MP: 4/4
    66 | D:1      | Found a large runed translucent door.
    66 | D:1      | Found a large runed translucent door.
    69 | D:1      | Noticed an orc wizard
    70 | D:1      | Noticed an orc warrior
   133 | D:1      | Reached XP level 2. HP: 5/15 MP: 3/6
   396 | D:1      | Reached skill level 1 in Armour
   396 | D:1      | Reached XP level 3. HP: 10/18 MP: 3/7
   793 | D:1      | You fall into a shaft and drop 1 floor!
   793 | D:2      | Found an opulent altar of Gozag.
   976 | D:2      | Gained mutation: Your natural rate of healing is unusually
                  | fast. [Vine Stalker growth]
   976 | D:2      | Reached XP level 4. HP: 23/23 MP: 8/8
   981 | D:2      | Slain by a gnoll

Illustrated notes

Levels and vault maps discovered:
D:1:      erik_arrival_cave_to_civilisation [erik_arrival_cave_to_temple],
          layout_basic, chequers_serial_rivers_room_a
D:2:      cheibrodos_old_hovel, layout_basic, basic_altar

Skill      XL: |  1  2 |
---------------+-------+-----
Fighting       | 2 |  2.0
Polearms       | 2 |  2.2
Armour         | 1 |  1.4
Maces & Flails | |  0.6
Throwing       | |  0.8
Dodging        | |  1.9
Spellcasting   | |  2.4
Translocations | |  3.5

Action                     |  1- 3 |  4- 6 || total
---------------------------+-------+-------++-------
  Melee: Spear             |    51 |       ||    51
         Bite              |    26 |     2 ||    28
         Flail             |    34 |     5 ||    39
         Punch             |     1 |       ||     1
   Stab: Sleeping          |     1 |       ||     1
 Armour: Leather armour    |    33 |       ||    33
  Dodge: Dodged            |    53 |     5 ||    58

Table legend: (Time is in decaauts)
 A = Elapsed time spent in this place.
 B = Non-inter-level travel time spent in this place.
 C = Inter-level travel time spent in this place.
 D = Time resting spent in this place.
 E = Time spent auto-exploring this place.
 F = Levels seen in this place.
 G = Mean time per level.
                   A        B        C        D        E       F      G
               +--------+--------+--------+--------+--------+-----+--------+
         Total |    995 |    968 |     27 |      0 |    607 |   2 |  497.5 |
       Dungeon |    995 |    968 |     27 |      0 |    607 |   2 |  497.5 |
               +--------+--------+--------+--------+--------+-----+--------+

Top non-repeatable levels by time:
     D:1: 798 daAuts
     D:2: 197 daAuts
